AoeStats
← 'Rhythm_' = idiot

Arena

510578388Analyzed
4v4 RM · 13h ago on Oct 1, 2026· 43m 41s· 8 players
Game mode
Random Map
Map size
Large (8 player)
Population
200
Speed
Normal
Resources
Standard
Victory
Conquest
Starting age
Dark Age
Ending age
Imperial Age
RankedLock teamsTeams togetherTeam positionsShared explorationLock speedFull tech treeHidden civsTurbo modeCheats
Victory
Defeat
🇺🇸 Magyars · United States
1383
+14
🇫🇷 Persians · France
1355
+15
🇧🇬 Danes · Bulgaria
1310
+17
🇧🇬 Saxons · Bulgaria
1294
+17
🇨🇳 Danes · China
1391
-19
🇹🇼 Khmer · Taiwan
1338
-16
🇫🇷 Goths · France
1294
-14
🇹🇷 Celts · Türkiye
1278
-14
BøM_從小不缺鮑魚
9:29 Feudal Age
13:36 Castle Age
11:46 Double-Bit Axe
12:18 Horse Collar
14:39 Bow Saw
17:46 Heavy Plow
19:59 Gold Mining
21:23 Wheelbarrow
22:20 Gold Shaft Mining
22:40 Hand Cart
22:55 Stone Mining
28:46 Imperial Age
26:26 Scale Barding Armor
26:32 Forging
26:31 Husbandry
26:41 Bloodlines
26:45 Loom
27:32 Chain Barding Armor
27:41 Masonry
28:34 Iron Casting
30:29 Crop Rotation
29:22 Capped Ram
30:08 Tusk Swords
30:06 Elite Battle Elephant
32:03 Plate Barding Armor
34:32 Blast Furnace
34:18 Siege Engineers
33:35 Siege Ram
35:02 Conscription
35:47 Double Crossbow
36:53 Chemistry
36:13 Ballistics
35:45 Fletching
37:11 Light Cavalry
38:20 Caravan
37:56 Hussar
38:38 Bodkin Arrow
39:22 Heavy Scorpion
40:48 Bracer
HasNicktir
10:07 Feudal Age
14:45 Castle Age
13:20 Double-Bit Axe
13:17 Horse Collar
16:02 Bow Saw
16:03 Heavy Plow
21:40 Wheelbarrow
23:26 Hand Cart
23:18 Loom
23:26 Loom
23:27 Town Watch
24:41 Gold Mining
24:41 Stone Mining
29:35 Imperial Age
27:55 Gold Shaft Mining
27:56 Stone Shaft Mining
28:02 Ballistics
29:00 Pikeman
29:53 Forging
29:43 Scale Mail Armor
29:49 Halberdier
30:15 Arson
32:11 Iron Casting
31:51 Chain Mail Armor
31:58 Heavy Scorpion
34:17 Capped Ram
36:16 Chemistry
35:22 Siege Engineers
Baladin
0:47 Loom
11:33 Feudal Age
15:52 Castle Age
13:42 Horse Collar
14:25 Double-Bit Axe
16:48 Man-at-Arms
'Rhythm_' = idiot
10:12 Feudal Age
11:14 Double-Bit Axe
14:04 Castle Age
13:01 Horse Collar
16:27 Wheelbarrow
17:37 Loom
22:50 Bow Saw
26:27 Imperial Age
24:14 Gold Mining
25:14 Heavy Plow
25:55 Scale Mail Armor
25:23 Pikeman
26:47 Squires
27:01 Halberdier
28:49 Hand Cart
29:35 Chain Mail Armor
29:30 Forging
29:37 Town Watch
29:56 Onager
31:41 Fletching
32:21 Plate Mail Armor
32:25 Siege Engineers
33:25 Iron Casting
33:01 Northmen's Fury
35:43 Conscription
36:24 Blast Furnace
Rhythm_
5:03 Loom
11:35 Feudal Age
15:21 Castle Age
13:20 Horse Collar
14:13 Double-Bit Axe
16:18 Bow Saw
20:40 Wheelbarrow
22:54 Gold Mining
23:30 Stone Mining
23:37 Town Watch
24:14 Hand Cart
24:24 Heavy Plow
25:12 Gold Shaft Mining
26:52 Fletching
30:06 Imperial Age
27:52 Padded Archer Armor
28:10 Bodkin Arrow
28:34 Treadmill Crane
29:36 Thumb Ring
29:49 Leather Archer Armor
29:47 Bloodlines
29:45 Husbandry
30:27 Ballistics
30:09 Heavy Cavalry Archer
31:21 Parthian Tactics
31:41 Bracer
32:12 Ring Archer Armor
31:58 Capped Ram
41:30 Chemistry
42:57 Scale Mail Armor
42:25 Pikeman
Blanc
10:10 Feudal Age
13:45 Castle Age
11:36 Double-Bit Axe
12:39 Horse Collar
14:40 Bow Saw
15:29 Loom
17:32 Fletching
18:31 Bodkin Arrow
22:40 Forging
23:02 Scale Mail Armor
25:51 Iron Casting
25:57 Arson
27:07 Chain Mail Armor
32:39 Squires
32:25 Gambesons
32:42 Squires
35:32 Heavy Plow
36:14 Wheelbarrow
38:39 Imperial Age
37:17 Pikeman
37:53 Gold Mining
40:08 Gold Shaft Mining
39:23 Stone Mining
39:54 Stone Mining
39:59 Halberdier
42:15 Plate Mail Armor
43:07 Blast Furnace
44:03 Hand Cart
43:56 Town Watch
ThE MaTiO
11:25 Feudal Age
15:34 Castle Age
14:42 Horse Collar
14:51 Double-Bit Axe
17:54 Heavy Plow
21:21 Wheelbarrow
20:33 Loom
20:37 Town Watch
22:26 Bow Saw
23:51 Hand Cart
26:24 Gold Mining
26:27 Stone Mining
29:46 Imperial Age
28:19 Gold Shaft Mining
28:01 Forging
27:52 Scale Mail Armor
28:21 Gambesons
28:37 Squires
28:22 Arson
28:52 Fortified Wall
28:52 Masonry
29:47 Iron Casting
29:38 Ballistics
29:54 Chain Mail Armor
31:14 Plate Mail Armor
30:10 Elite Varangian Guard
32:21 Padded Archer Armor
32:13 Fletching
32:29 Scale Barding Armor
32:47 Elite Hearth Troop
34:59 Pikeman
39:03 Chemistry
37:41 Halberdier
Oden
10:10 Feudal Age
14:34 Castle Age
13:21 Double-Bit Axe
14:26 Horse Collar
21:37 Wheelbarrow
21:53 Loom
23:29 Bow Saw
23:29 Heavy Plow
28:38 Imperial Age
26:58 Hand Cart
26:54 Gold Mining
27:15 Scale Barding Armor
27:21 Forging
27:16 Husbandry
27:27 Bloodlines
26:38 Light Cavalry
28:15 Chain Barding Armor
28:20 Town Watch
29:15 Gold Shaft Mining
29:21 Iron Casting
28:15 Cavalier
29:35 Town Patrol
29:01 Hussar
29:40 Savar
31:14 Plate Barding Armor
35:15 Blast Furnace
Connection lost

Rejoining the realm…

Still unreachable

The connection could not be restored.

Session expired

The server has moved on; the page needs a fresh start.